 Dungeon Crawl Stone Soup version 0.29-a0-284-gf9362112df (webtiles) character file.

Game seed: 1512321962361593518

1574 cojito the Chopper (level 8, -1/59 (67) HPs)
             Began as a Palentonga Berserker on Mar 30, 2022.
             Was a Believer of Trog.
             Slain by a wight
             ... wielding a +4 spear
              (10 damage)
             ... on level 6 of the Dungeon.
             The game lasted 00:06:33 (5637 turns).

cojito the Chopper (Palentonga Berserker)           Turns: 5637, Time: 00:06:33

HP:   -1/59 (67)    AC: 16    Str: 23    XL:     8   Next: 59%
MP:   8/8           EV:  8    Int:  7    God:    Trog [**....]
Gold: 226           SH:  8    Dex: 16    Spells: 7/7 levels left

rFire   . . .      SeeInvis +   a - +0 hand axe
rCold   . . .      Faith    .   i - +0 kite shield
rNeg    . . .      Spirit   .   w - +0 scale mail
rPois   .          Reflect  .   (no helmet)
rElec   .          Harm     .   u - +0 cloak
rCorr   .          Rampage  .   r - +0 pair of gloves
Will    .....                   (no barding)
Stlth   ..........              (no amulet)
HPRegen 0.19/turn               b - ring of flight
MPRegen 0.11/turn               l - +6 ring of dexterity

@: on berserk cooldown, flying, slowed, heavily drained, curled up, very slow
A: large, rugged brown scales 3, see invisible, deformed body, roll 1, armoured
tail, reflexive curl
a: Rolling Charge, Renounce Religion, Berserk, Trog's Hand


You were on level 6 of the Dungeon.
You worshipped Trog.
Trog was pleased with you.
You visited 1 branch of the dungeon, and saw 6 of its levels.

You collected 226 gold pieces.

Inventory:

Hand Weapons
 a - a +0 hand axe (weapon)
 t - a +4 quarterstaff of chaos
Missiles
 j - 2 throwing nets
 p - 4 javelins
Armour
 d - an orb of wrath
 i - a +0 kite shield (worn)
 r - a +0 pair of gloves (worn)
 u - a +0 cloak (worn)
 w - a +0 scale mail (worn)
Jewellery
 b - a ring of flight (left hand)
 l - a +6 ring of dexterity (right hand)
 m - a ring of willpower
Wands
 s - a wand of polymorph (9)
Scrolls
 e - 2 scrolls of magic mapping {unknown}
 h - a scroll of brand weapon {unknown}
 n - a scroll of holy word
 q - a scroll of immolation {unknown}
 v - a scroll of enchant armour {unknown}
Potions
 c - a potion of cancellation
 f - 2 potions of magic
 g - 5 potions of attraction
 k - a potion of lignification {unknown}
 o - a potion of flight {unknown}
 x - 2 potions of curing {unknown}
 z - a potion of degeneration {unknown}


   Skills:
 + Level 5.5 Fighting
 + Level 7.1 Axes
 + Level 4.5 Armour
 + Level 4.0 Dodging
 + Level 1.9 Shields


You had 7 spell levels left.
You didn't know any spells.
Your spell library was empty.

Dungeon Overview and Level Annotations

Branches:
Dungeon (6/15)
 Temple: D:4-7

Altars:
Elyvilon
Gozag
Nemelex Xobeh
Yredelemnul
Zin

Shops:
D:2 (*==:

Annotations:
D:4 2 transporters, ArthosElwyn's ghost, amateur MiGl


Innate Abilities, Weirdness & Mutations

You are completely covered in rugged brown scales. (AC +3, +7% HP)
You have supernaturally acute eyesight. (SInv)
Armour fits poorly on your strangely shaped body.
You can roll at nearby foes to attack.
You have a long armoured tail.
You curl defensively after being hit. (AC +7*)


Message History

You slash the wight!
The wight is heavily damaged.
You slash the wight! You slash the wight!
You destroy the wight!
Trog accepts your kill.
You barely miss the wight. The wight hits you with a +4 spear!
Your Dodging skill increases to level 4!
You are no longer berserk.
You are exhausted.
You feel yourself slow down.
The wight hits you from afar with a +4 spear.
* * * LOW HITPOINT WARNING * * *
You feel drained.
Things that are here:
a +5 spear; a +0 robe You block the wight's attack.
Things that are here:
a +0 halberd; a +0 robe You barely miss the wight.
The wight is severely damaged.
The wight hits you but does no damage. The wight hits you with a +4 spear.
* * * LOW HITPOINT WARNING * * *
You feel drained.
* * * LOW HITPOINT WARNING * * *
You hit the wight but do no damage. You tail-slap the wight.
The wight is almost destroyed.
The wight hits you with a +4 spear.
* * * LOW HITPOINT WARNING * * *
You feel drained.
* * * LOW HITPOINT WARNING * * *
The wight hits you but does no damage.
You hit the wight but do no damage.
The wight is almost destroyed.
You block the wight's attack.
You closely miss the wight.
You tail-slap the wight, but do no damage.
The wight is almost destroyed.
The wight hits you with a +4 spear!
You die...

### ##.+ ##..##
##....#
##.....##
##...))..#
##...z....##
##....@.#...#
#.....)##...##
#......####...#
......# #...##
.....# ##...#
....# #...##
...# ##...# ..#
#...## .#
##...#


You could see a wight.

Vanquished Creatures
  Sigmund (D:3)
  An ogre (D:5)
  A centaur (D:4)
  A phantom (D:5)
  A gnoll sergeant (D:5)
  3 scorpions
  4 wights (D:6)
  An orc priest (D:4)
  A gnoll shaman (D:4)
  6 hounds
  Crazy Yiuf (D:3)
  4 iguanas
  4 orc wizards
  8 gnolls
  8 adders
  A worm (D:3)
  A dart slug (D:1)
  16 orcs
  3 bats
  5 endoplasms
  A giant cockroach (D:3)
  10 hobgoblins
  7 jackals
  5 quokkas
  6 ball pythons
  5 frilled lizards
  8 goblins
  6 kobolds
  4 rats
123 creatures vanquished.

Notes
Turn   | Place    | Note
-------+----------+-------------------------------------------
     0 | D:1      | cojito the Palentonga Berserker began the quest for the
                  | Orb.
     0 | D:1      | Reached XP level 1. HP: 19/19 MP: 1/1
   193 | D:1      | Reached XP level 2. HP: 20/25 MP: 2/2
   569 | D:1      | Found a faded altar of an unknown god.
   773 | D:1      | Reached XP level 3. HP: 31/31 MP: 3/3
   781 | D:2      | Found Hiloilim's Antique Weapon Shoppe.
  1195 | D:2      | Found Loggih's Jewellery Shop.
  1218 | D:2      | Found Koyty's Book Shoppe.
  1328 | D:2      | Found Omuc's Jewellery Emporium.
  1377 | D:2      | Found Lerileomn's Assorted Antiques.
  1753 | D:3      | Noticed Sigmund
  1764 | D:3      | Killed Sigmund
  1765 | D:3      | Reached skill level 4 in Axes
  1765 | D:3      | Reached XP level 4. HP: 39/39 MP: 4/4
  1765 | D:3      | Reached XP level 5. HP: 44/44 MP: 5/5
  1894 | D:3      | Found a runed translucent door.
  1895 | D:3      | Noticed Crazy Yiuf
  1965 | D:3      | Reached ** piety under Trog
  2218 | D:3      | Found a glowing silver altar of Zin.
  2218 | D:3      | Found an opulent altar of Gozag.
  2417 | D:3      | Killed Crazy Yiuf
  2418 | D:3      | Reached XP level 6. HP: 51/51 MP: 6/6
  2552 | D:4      | Reached skill level 5 in Axes
  2954 | D:4      | Gained mutation: You curl defensively after being hit. (AC
                  | +7*) [Palentonga growth]
  2954 | D:4      | Reached XP level 7. HP: 57/57 MP: 7/7
  2955 | D:4      | Found a transporter.
  3005 | D:4      | Found a transporter.
  3013 | D:4      | Noticed a small abomination
  3015 | D:4      | Noticed ArthosElwyn's ghost (amateur MiGl)
  3261 | D:4      | Noticed an ancient zyme
  3262 | D:4      | Noticed a small abomination
  3698 | D:4      | Noticed a small abomination
  3791 | D:5      | Entered Level 5 of the Dungeon
  3804 | D:5      | Reached skill level 6 in Axes
  4269 | D:5      | Found a large runed translucent door.
  4269 | D:5      | Found a large runed translucent door.
  4462 | D:5      | Reached XP level 8. HP: 65/65 MP: 8/8
  4464 | D:5      | Found a basalt altar of Yredelemnul.
  4478 | D:5      | Reached skill level 5 in Fighting
  4564 | D:5      | Reached skill level 1 in Shields
  5400 | D:5      | Found a white marble altar of Elyvilon.
  5403 | D:5      | Found a sparkling altar of Nemelex Xobeh.
  5618 | D:6      | Reached skill level 7 in Axes
  5637 | D:6      | Slain by a wight

Illustrated notes

Levels and vault maps discovered:
D:1:      roderic_chinese_lattice_arrival, layout_loops_ring,
          shapermc_ecumenical_altar_mp_urbaneastern, minmay_ruptured
D:2:      layout_basic, serial_shops, shop,
          nicolae_shop_temple_entry_statues_fountains, shop,
          nicolae_lakefront_shop, nicolae_lakefront_shop, kennysheep_nub
D:3:      layout_rooms, grunt_temple_overflow_gold_and_silver, minivault_14,
          uniq_crazy_yiuf_cottage, uniq_sigmund
D:4:      layout_basic, gammafunk_ghost_abyssal_escape,
          amcnicky_mini_corridor_feature
D:5:      layout_cave_pods, jmf_multi_god_temple2,
          mainiacjoe_overflow_surrounded_room
D:6:      minmay_razor_zed, layout_loops_ring, temple_hall

Skill      XL: |  1  2  3  4  5  6  7  8 |
---------------+-------------------------+-----
Armour         | 2 3 4 |  4.5
Dodging        | 2 3 4 |  4.0
Axes           | 4 5 6 7 |  7.1
Fighting       | 4 5 |  5.5
Shields        | 1 |  1.9

Action                   |  1- 3 |  4- 6 |  7- 9 || total
-------------------------+-------+-------+-------++-------
Melee: Hand axe          |    84 |    99 |   158 ||   341
       Tailslap          |     4 |    14 |    21 ||    39
       Punch             |     1 |     2 |     3 ||     6
Invok: Berserk           |     2 |     5 |     7 ||    14
       Trog's Hand       |       |       |     1 ||     1
  Use: Scroll            |       |       |     5 ||     5
       Potion            |       |       |     1 ||     1
Armor: Animal skin       |    17 |       |       ||    17
       Leather armour    |    14 |    33 |       ||    47
       Scale mail        |       |     3 |   137 ||   140
Dodge: Dodged            |    38 |    45 |   121 ||   204
Block: Kite shield       |       |       |    31 ||    31

Table legend: (Time is in decaauts)
 A = Elapsed time spent in this place.
 B = Non-inter-level travel time spent in this place.
 C = Inter-level travel time spent in this place.
 D = Time resting spent in this place.
 E = Time spent auto-exploring this place.
 F = Levels seen in this place.
 G = Mean time per level.
                   A        B        C        D        E       F      G
               +--------+--------+--------+--------+--------+-----+--------+
         Total |   5772 |   5522 |    250 |    824 |   3820 |   6 |  962.0 |
       Dungeon |   5772 |   5522 |    250 |    824 |   3820 |   6 |  962.0 |
               +--------+--------+--------+--------+--------+-----+--------+

Top non-repeatable levels by time:
     D:5: 1520 daAuts
     D:4: 1496 daAuts
     D:2: 981 daAuts
     D:3: 813 daAuts
     D:1: 786 daAuts
     D:6: 173 daAuts
